 Dungeon Crawl Stone Soup version 0.30-a0-586-g23e55c9e0a (webtiles) character file.

Game seed: 17221891463443908244

800 snetch the Chopper (level 7, 0/91 HPs)
             Began as a Hill Orc Fighter on Jan 3, 2023.
             Slain by a water moccasin (4 damage)
             ... on level 6 of the Dungeon.
             The game lasted 00:09:04 (3795 turns).

snetch the Chopper (Hill Orc Fighter)               Turns: 3795, Time: 00:09:04

Health: 0/91       AC: 23    Str: 21    XL:     7   Next: 90%
Magic:  7/7        EV:  2    Int:  8    God:
Gold:   336        SH:  5    Dex: 10    Spells: 6/6 levels left

rFire   . . .      SeeInvis .    a - +0 war axe
rCold   . . .      Faith    .    c - +0 buckler
rNeg    . . .      Spirit   .    (body armour currently unavailable)
rPois   +          Reflect  .    (helmet currently unavailable)
rElec   .          Harm     .    (cloak currently unavailable)
rCorr   +          Rampage  .    (gloves currently unavailable)
Will    .....      Clarity  +    (boots currently unavailable)
Stlth   +          NoTele   +    (no amulet)
HPRegen 0.35/turn                D - ring of resist corrosion
MPRegen 0.10/turn                (no ring)

@: lethally poisoned (0 -> -2), tree-form, weakened
A: stationary, stasis, torment immunity, boosted hp, clarity
a: no special abilities


You were on level 6 of the Dungeon.
You were a tree.
You visited 1 branch of the dungeon, and saw 6 of its levels.

You collected 336 gold pieces.

Inventory:

Hand Weapons
 a - a +0 war axe (weapon)
 d - a +3 flail of draining
 p - a +0 trident
 z - a +0 spear of venom
Missiles
 j - 52 stones (quivered)
 m - 14 poisoned darts
 E - a curare-tipped dart
Armour
 c - a +0 buckler (worn)
 k - a +0 pair of boots (melded)
 n - a +2 pair of gloves (melded)
 s - the +1 leather armour "Tonni" (melded) {Dex+5 Slay+3}
   (You found it on level 2 of the Dungeon)

   Dex:       It affects your dexterity (+5).
   Slay:      It affects your accuracy & damage with ranged weapons and melee
   (+3).
 w - an orb of mayhem
 x - a +0 chain mail
 A - +0 steam dragon scales
 B - a +0 cloak (melded)
Magical Staves
 u - a staff of conjuration
Jewellery
 D - a ring of resist corrosion (left branch)
Scrolls
 b - a scroll of amnesia {unknown}
 f - 4 scrolls of identify {unknown}
 h - 3 scrolls of poison {unknown}
 i - a scroll of magic mapping {unknown}
 l - 3 scrolls of vulnerability {unknown}
 o - 4 scrolls of teleportation {unknown}
 v - a scroll of noise {unknown}
 y - a scroll of enchant weapon {unknown}
Potions
 e - a potion of resistance
 g - a potion of lignification
 q - 2 potions of cancellation
 r - a potion of mutation
 t - a potion of curing {unknown}
 C - a potion of brilliance {unknown}


   Skills:
 + Level 5.4 Fighting
 + Level 7.7 Axes
 + Level 4.9 Armour
 + Level 1.2 Dodging
 + Level 1.3 Stealth
 + Level 4.9 Shields


You had 6 spell levels left.
You didn't know any spells.
Your spell library contained the following spells:

 Spells                   Type           Power      Damage    Failure   Level
 Beastly Appendage        Tmut           0%         N/A       50%         1
 Gell's Gravitas          Tloc           0%         N/A       86%         3
 Ignite Poison            Fire/Tmut/Pois 0%         N/A       86%         3
 Kindle Blastsparks       Fire/Tloc/Air  0%         2d10      86%         3
 Lesser Beckoning         Tloc           0%         N/A       86%         3
 Teleport Other           Tloc           0%         N/A       86%         3
 Animate Dead             Necr           0%         N/A       99%         4
 Freezing Cloud           Conj/Ice/Air   0%         6-21      100%        5
 Haunt                    Necr/Summ      0%         N/A       100%        7
 Infestation              Necr           0%         N/A       100%        8


Dungeon Overview and Level Annotations

Branches:
Dungeon (6/15)             Temple (0/1) D:6

Altars:
Hepliaklqana
Qazlal

Annotations:
D:3 hatch behind lava


Innate Abilities, Weirdness & Mutations

You are a tree.
Your roots penetrate the ground, keeping you stationary.
You cannot be teleported.
You are immune to unholy pain and torment.
Your maximum health is greatly increased.
Your equipment is partially melded.
You possess an exceptional clarity of mind.


Message History

The gnoll completely misses you.
You slash the gnoll!
You kill the gnoll!
You slash the gnoll!
You kill the gnoll!
You barely miss the gnoll bouda.
* * * LOW HITPOINT WARNING * * *
You feel very sick.
The gnoll hits you from afar with a +0 spear.
* * * LOW HITPOINT WARNING * * *
The gnoll bouda barks out a call to the hunt!
The gnoll picks up the pace!
Unknown command.
It was a potion of resistance.
You feel protected.
* * * LOW HITPOINT WARNING * * *
You feel very sick. The gnoll barely misses you.
The gnoll bouda barely misses you.
It was a potion of cancellation.
Your magical effects are unravelling.
You feel magically purged.
You feel a little less mighty now.
Your resistance to elements expires.
* * * LOW HITPOINT WARNING * * *
You feel sick. The gnoll barely misses you.
The gnoll bouda gazes fiercely through you!
You feel your attacks grow feeble. The gnoll bouda barely misses you.
It was a potion of lignification.
You turn into a tree.
Your +0 cloak melds into your body.
Your +2 pair of gloves melds into your body.
Your +0 pair of boots melds into your body.
The +1 leather armour "Tonni" {Dex+5 Slay+3} melds into your body.
Your roots penetrate the ground.
* * * LOW HITPOINT WARNING * * *
You feel sick. The gnoll hits you but does no damage.
The gnoll bouda hits you but does no damage.
It was a potion of mutation.
You feel extremely strange.
Your thoughts seem clearer.
You feel sick. The water moccasin bites you.
You die...

####.###### #.# #. #.#
#########..# #.#
#........... #.#
#.#.#.#.#.#.
####.########....[......
..............#..g....#.
.#########.##)...S?.....
#...)#)♣)>...#
#..#).g........
#....#.......#.
##.............
##..#.#.#.#.#.
#............
#...##..###.# ##### .##
#


You could see a water moccasin, a gnoll bouda and a gnoll (swift).

Vanquished Creatures
  A steam dragon (D:5)
  Edmund (D:6)
  A phantom (D:3)
  2 kobold brigands
  Blork the orc (D:5)
  A scorpion (D:5)
  11 gnolls
  4 adders
  A worm (D:3)
  3 dart slugs
  3 orcs (D:3)
  2 ball pythons
  5 bats
  7 endoplasms
  5 giant cockroaches
  7 goblins
  4 hobgoblins
  4 jackals (D:2)
  15 kobolds
  3 quokkas
  2 frilled lizards
  3 rats
86 creatures vanquished.

Notes
Turn   | Place    | Note
-------+----------+-------------------------------------------
     0 | D:1      | snetch the Hill Orc Fighter began the quest for the Orb.
     0 | D:1      | Reached XP level 1. HP: 19/19 MP: 1/1
   164 | D:2      | Reached XP level 2. HP: 17/27 MP: 2/2
   233 | D:1      | Found a faded altar of an unknown god.
   243 | D:1      | Got Plato's Vellum of Shapeshifting
   860 | D:1      | Reached XP level 3. HP: 33/33 MP: 3/3
  1192 | D:2      | Identified the +1 leather armour "Tonni" {Dex+5 Slay+3}
  1215 | D:2      | Reached skill level 3 in Axes
  1232 | D:2      | You fall into a shaft and drop 2 floors!
  1487 | D:2      | Reached XP level 4. HP: 32/40 MP: 4/4
  1713 | D:3      | Reached skill level 4 in Axes
  1717 | D:3      | Reached XP level 5. HP: 39/46 MP: 5/5
  2149 | D:3      | Noticed a kobold brigand
  2190 | D:3      | Noticed a phantom
  2199 | D:3      | Killed a phantom
  2200 | D:3      | Reached skill level 5 in Axes
  2283 | D:3      | Reached XP level 6. HP: 52/53 MP: 6/6
  2474 | D:3      | Found a stormy altar of Qazlal.
  2952 | D:5      | Entered Level 5 of the Dungeon
  3375 | D:5      | Found a faded altar of an unknown god.
  3375 | D:5      | Found a hazy altar of Hepliaklqana.
  3375 | D:5      | Found a faded altar of an unknown god.
  3424 | D:5      | Reached skill level 6 in Axes
  3460 | D:5      | Noticed a steam dragon
  3470 | D:5      | Killed a steam dragon
  3471 | D:5      | Reached XP level 7. HP: 23/60 MP: 7/7
  3531 | D:5      | Noticed Blork the orc
  3543 | D:5      | Killed Blork the orc
  3544 | D:5      | Reached skill level 5 in Fighting
  3708 | D:5      | Reached skill level 1 in Dodging
  3708 | D:5      | Reached skill level 1 in Stealth
  3764 | D:6      | Noticed Edmund
  3772 | D:6      | Killed Edmund
  3773 | D:6      | Reached skill level 7 in Axes
  3775 | D:6      | Found a staircase to the Ecumenical Temple.
  3795 | D:6      | Gained mutation: You possess an exceptional clarity of
                  | mind. [potion of mutation]
  3795 | D:6      | HP: 4/91 [poisoned by a gnoll]
  3795 | D:6      | Slain by a water moccasin

Illustrated notes

Levels and vault maps discovered:
D:1:      sevenhm_arrival_forest_fort_small_3, layout_loops_ring,
          shapermc_ecumenical_altar_rom_forum
D:2:      layout_basic, minmay_misc_feat_pillars
D:3:      cheibrodos_thug_alley, layout_loops_corners, general_overflow_altar
D:4:      layout_gridville
D:5:      layout_loops_ring, nicolae_hepliaklqana_ecumenical_no_more,
          doesnt_xom_only_xom, guppyfry_shop_venom, uniq_blork_the_orc
D:6:      layout_loops_ring, minmay_temple_entry_glass,
          nicolae_ossuary_entry_ruins, grunt_decor_cap,
          kennysheep_decorative_pillar, uniq_edmund, uniq_prince_ribbit1,
          uniq_grinder

Skill      XL: |  1  2  3  4  5  6  7 |
---------------+----------------------+-----
Fighting       | 4 5 |  5.4
Axes           | 3 4 5 6 7 |  7.7
Armour         | 4 |  4.9
Shields        | 4 |  4.9
Dodging        | 1 |  1.2
Stealth        | 1 |  1.3

Action                   |  1- 3 |  4- 6 |  7- 9 || total
-------------------------+-------+-------+-------++-------
Melee: War axe           |    57 |    90 |    29 ||   176
Throw: Stone             |       |       |     4 ||     4
  Use: Potion            |       |       |     5 ||     5
 Stab: Sleeping          |       |     3 |       ||     3
Armor: Scale mail        |    16 |       |       ||    16
       Leather armour    |    13 |    30 |    10 ||    53
       Skin              |       |       |     2 ||     2
Dodge: Dodged            |    34 |    28 |    19 ||    81
Block: Buckler           |    16 |    17 |     6 ||    39

Table legend: (Time is in decaauts)
 A = Elapsed time spent in this place.
 B = Non-inter-level travel time spent in this place.
 C = Inter-level travel time spent in this place.
 D = Time resting spent in this place.
 E = Time spent auto-exploring this place.
 F = Levels seen in this place.
 G = Mean time per level.
                   A        B        C        D        E       F      G
               +--------+--------+--------+--------+--------+-----+--------+
         Total |   3856 |   3649 |    207 |      0 |   2510 |   6 |  642.7 |
       Dungeon |   3856 |   3649 |    207 |      0 |   2510 |   6 |  642.7 |
               +--------+--------+--------+--------+--------+-----+--------+

Top non-repeatable levels by time:
     D:3: 1178 daAuts
     D:1: 829 daAuts
     D:4: 799 daAuts
     D:2: 591 daAuts
     D:5: 398 daAuts
     D:6: 60 daAuts
